 Dungeon Crawl Stone Soup version bcrawl-1.19-7-g22fd707d3b (webtiles) character file.

Game seed: 7101339071550535920

285 Morbidden the Grave Robber (level 6, 43/43 HPs)
             Began as a Demonspawn Necromancer on Nov 17, 2019.
             Quit the game on level 3 of the Dungeon.
             The game lasted 00:08:19 (3011 turns).

Morbidden the Grave Robber (Demonspawn Necromancer) Turns: 3011, Time: 00:08:20

Health: 43/43      AC:  3    Str:  8    XL:     6   Next: 7%
Magic:  7/11       EV: 12    Int: 18    God:
Gold:   49         SH:  0    Dex: 14    Spells: 5/12 levels left

rFire    . . .     SeeInvis .   (no weapon)
rCold    . . .     Gourm    .   (no shield)
rNeg     . . .     Faith    .   h - +0 leather armour
rPois    .         Spirit   .   (helmet restricted)
rElec    .         Reflect  .   (no cloak)
rCorr    .         Harm     .   (no gloves)
MR       .....                  (no boots)
Stlth    ++........             (no amulet)
HPRegen  0.14/turn              (no ring)
MPRegen  0.12/turn              (no ring)

@: no status effects
A: antennae 1, claws 2, spiny 1
a: no special abilities


You were on level 3 of the Dungeon.
You were hungry.

You visited 1 branch of the dungeon, and saw 3 of its levels.

You collected 49 gold pieces.

Inventory:

Missiles
 m - 71 javelins of penetration (quivered)
Armour
 h - a +0 leather armour (worn)
 j - a +0 helmet
Wands
 l - a wand of paralysis (4)
Scrolls
 a - 3 scrolls of identify {unknown}
 g - 2 scrolls of remove curse {unknown}
Potions
 c - a potion of curing {unknown}
 e - a potion of degeneration {unknown}
 f - a potion of resistance {unknown}
 i - a potion of might {unknown}
 k - a potion of brilliance {unknown}
Comestibles
 b - 4 chunks of flesh
 d - 7 rations {!d}


   Skills:
 * Level 1.2 Fighting
 + Level 0.1 Armour
 + Level 1.8 Dodging
 + Level 3.1 Stealth
 + Level 0.6 Unarmed Combat
 * Level 3.9 Spellcasting
 * Level 5.8 Necromancy
 + Level 0.1 Evocations


You had 5 spell levels left.
You knew the following spells:

 Your Spells              Type           Power        Failure   Level  Hunger
a - Pain                  Necr           ###...       1%          1    None
b - Vampiric Draining     Necr           ###.......   6%          3    ###....
c - Regeneration          Chrm/Necr      ##........   19%         3    ###....

Your spell library contained the following spells:

 Spells                   Type           Power        Failure   Level  Hunger
 Animate Skeleton         Necr           N/A          1%          1    None
 Animate Dead             Necr           N/A          19%         4    ####...
 Bolt of Draining         Conj/Necr      ##........   87%         5    ######.


Dungeon Overview and Level Annotations

Branches:
Dungeon (3/12)

Altars:


Innate Abilities, Weirdness & Mutations

You have a pair of small antennae on your head.
You have very sharp fingernails.
You are partially covered in sharp spines.


Message History

The helpless ogre fails to defend itself.
You claw the ogre!
The ogre is severely wounded.
The helpless ogre fails to defend itself.
You scratch the ogre.
The ogre is almost dead.
The helpless ogre fails to defend itself.
You scratch the ogre.
The ogre is almost dead.
The helpless ogre fails to defend itself.
You scratch the ogre.
You kill the ogre!
Your Stealth skill increases to level 3!
You have reached level 6!
Your experience leads to an increase in your attributes!
Increase (S)trength, (I)ntelligence, or (D)exterity?
You feel clever.
Your demonic ancestry asserts itself...
A pair of antennae grows on your head!
Your +0 helmet falls away!
Are you sure you want to abandon this character and quit the game? (Confirm with "yes".)

#......# .#
#.####.###########.#
#.#................
#.#....##........#
#.#.##.##........#
#.#.##...........#
#......##........#
###.#####..).....#
#.<.@).........#
####.###.......# #.#
#.....>.# ..#
#..O....###.## #..#
#............. #..#
#.......##...# ...#
#.......# ..# #.##
#.......# ..
####.##.##.#


There were no monsters in sight!

Vanquished Creatures
  2 ogres (D:3)
  An iguana (D:2)
  A worker ant zombie (D:3)
  5 worms
  A dart slug (D:1)
  6 leopard geckos
  3 ball pythons
  2 giant cockroaches (D:3)
  8 goblins
  7 hobgoblins
  2 jackals (D:1)
  6 kobolds
  A quokka (D:2)
  8 bats
  3 frilled lizards
  11 rats
67 creatures vanquished.

Notes
Turn   | Place    | Note
-------+----------+-------------------------------------------
     0 | D:1      | Morbidden the Demonspawn Necromancer began the quest for
                  | the Orb.
     0 | D:1      | Reached XP level 1. HP: 13/13 MP: 3/3
   265 | D:1      | Gained mutation: You are partially covered in sharp spines.
                  | [demonic ancestry]
   265 | D:1      | Reached XP level 2. HP: 5/19 MP: 0/5
  1162 | D:1      | Gained mutation: You have sharp fingernails. [demonic
                  | ancestry]
  1162 | D:1      | Reached XP level 3. HP: 13/24 MP: 0/6
  1285 | D:1      | Reached skill level 5 in Necromancy
  1329 | D:1      | Learned a level 3 spell: Vampiric Draining
  2000 | D:2      | Reached XP level 4. HP: 26/31 MP: 2/8
  2718 | D:3      | Learned a level 3 spell: Regeneration
  2738 | D:3      | Noticed an ogre
  2790 | D:3      | Killed an ogre
  2790 | D:3      | Reached skill level 1 in Fighting
  2790 | D:3      | Gained mutation: You have very sharp fingernails. [demonic
                  | ancestry]
  2790 | D:3      | Reached XP level 5. HP: 37/37 MP: 4/10
  2967 | D:3      | Noticed an ogre
  3010 | D:3      | Killed an ogre
  3010 | D:3      | Gained mutation: You have a pair of small antennae on your
                  | head. [demonic ancestry]
  3010 | D:3      | Reached XP level 6. HP: 43/43 MP: 7/11
  3011 | D:3      | Quit the game

Skill      XL: |  1  2  3  4  5 |
---------------+----------------+-----
Necromancy     | 5 |  5.8
Spellcasting   | 3 |  3.9
Fighting       | 1 |  1.2
Stealth        | 3 |  3.1
Armour         | |  0.1
Dodging        | |  1.8
Unarmed Combat | |  0.6
Evocations     | |  0.1

Action                   |  1- 3 |  4- 6 || total
-------------------------+-------+-------++-------
Melee: Dagger            |    39 |       ||    39
       Unarmed           |       |    47 ||    47
Throw: Javelin           |       |     1 ||     1
 Cast: Pain              |    71 |    35 ||   106
       Regeneration      |       |     2 ||     2
       Vampiric Draining |       |     1 ||     1
Evoke: Wand              |       |     5 ||     5
 Stab: Sleeping          |     1 |       ||     1
       Paralysed         |       |    16 ||    16
  Eat: Chunk             |     4 |     3 ||     7
Armor: Leather armour    |    10 |     2 ||    12
       Robe              |     2 |       ||     2
Dodge: Dodged            |    31 |    12 ||    43
